 Dungeon Crawl Stone Soup version 0.26.0-18-gc5c842f807 (webtiles) character file.

Game seed: 2173523244072929921

176 teolandon225 the Sneak (level 5, 0/24 HPs)
             Began as a Spriggan Enchanter on Jan 23, 2021.
             Slain by an ufetubus (3 damage)
             ... on level 6 of the Dungeon.
             The game lasted 00:03:49 (3117 turns).

teolandon225 the Sneak (Spriggan Enchanter)         Turns: 3117, Time: 00:03:50

Health: 0/24       AC:  3    Str:  4    XL:     5   Next: 30%
Magic:  10/10      EV: 20    Int: 18    God:
Gold:   106        SH:  0    Dex: 16    Spells: 6/9 levels left

rFire    . . .     SeeInvis +   a - +1 dagger
rCold    . . .     Faith    .   (shield restricted)
rNeg     . . .     Spirit   .   b - +0 robe
rPois    .         Reflect  .   (helmet restricted)
rElec    .         Harm     .   q - +0 cloak
rCorr    .         Rampage  .   (gloves unavailable)
Will     .....                  (boots unavailable)
Stlth    ++++......             (no amulet)
HPRegen  0.08/turn              (no ring)
MPRegen  0.12/turn              (no ring)

@: very quick
A: very small, unfitting armour, see invisible, speed 3
a: no special abilities


You were on level 6 of the Dungeon.
You visited 1 branch of the dungeon, and saw 4 of its levels.

You collected 106 gold pieces.

Inventory:

Hand Weapons
 a - a +1 dagger (weapon)
Armour
 b - a +0 robe (worn)
 q - a +0 cloak (worn)
Jewellery
 j - an uncursed amulet of reflection {unknown}
Scrolls
 e - 3 scrolls of remove curse {unknown}
 f - a scroll of teleportation {unknown}
 g - a scroll of fear {unknown}
 i - a scroll of enchant weapon {unknown}
 m - 7 scrolls of identify {unknown}
Potions
 c - a potion of attraction {unknown}
 d - a potion of brilliance {unknown}
 h - 2 potions of haste {unknown}
 k - 2 potions of flight {unknown}
 l - a potion of berserk rage {unknown}
 n - a potion of ambrosia {unknown}
 o - 2 potions of magic {unknown}
 p - a potion of curing {unknown}
 r - 2 potions of lignification {unknown}


   Skills:
 - Level 1.1 Short Blades
 + Level 4.4 Dodging
 * Level 6.8 Stealth
 - Level 2.6 Spellcasting
 * Level 5.3 Hexes


You had 6 spell levels left.
You knew the following spells:

 Your Spells              Type           Power        Failure   Level
q - Ensorcelled Hibernat  Hex/Ice        24%          9%          2
r - Corona                Hex            23%          1%          1

Your spell library contained the following spells:

 Spells                   Type           Power        Failure   Level
 Confusing Touch          Hex            21%          5%          3
 Tukima's Dance           Hex            21%          5%          3
 Dazzling Flash           Conj/Hex       24%          17%         3


Dungeon Overview and Level Annotations

Branches:
Dungeon (3/15)

Altars:

Annotations:
D:2 exclusion: 2 downstairs
D:3 Sigmund


Innate Abilities, Weirdness & Mutations

You are very small and have problems with some larger weapons.
You are too small for most types of armour.
You have supernaturally acute eyesight. (SInv)
You cover ground extremely quickly.


Message History

The ufetubus hits you. The ufetubus closely misses you.
The ufetubus hits you but does no damage.
The ufetubus closely misses you.
You hit the ufetubus.
The ufetubus is moderately wounded.
The wight misses you. The ufetubus barely misses you. The ufetubus misses you.
You hit the ufetubus.
The ufetubus is heavily wounded.
The ufetubus completely misses you. The ufetubus barely misses you.
The wight hits you with a +3 mace of freezing!
The wight freezes you.
* * * LOW HITPOINT WARNING * * *
The ufetubus completely misses you. The ufetubus misses you.
You hit the ufetubus but do no damage.
The ufetubus is heavily wounded.
The ufetubus completely misses you. The ufetubus barely misses you.
The wight closely misses you.
The ufetubus hits you but does no damage.
The ufetubus hits you.
You die...

### #.. #.# #.#
#5#############
#@.z..........#
############)##
#######)#
#.....z.#
#.#######


You could see a wight and an ufetubus.

Vanquished Creatures
  2 wights (D:6)
  Crazy Yiuf (D:2)
  An adder (D:3)
  5 giant cockroaches
  9 goblins
  6 hobgoblins
  2 jackals (D:1)
  6 kobolds
  2 quokkas (D:2)
  6 bats
  4 frilled lizards
  7 rats
51 creatures vanquished.

Notes
Turn   | Place    | Note
-------+----------+-------------------------------------------
     0 | D:1      | teolandon225 the Spriggan Enchanter began the quest for the
                  | Orb.
     0 | D:1      | Reached XP level 1. HP: 9/9 MP: 5/5
   478 | D:1      | Reached XP level 2. HP: 13/13 MP: 4/6
   481 | D:1      | Learned a level 2 spell: Ensorcelled Hibernation
   702 | D:1      | Reached skill level 5 in Stealth
  1651 | D:2      | Reached XP level 3. HP: 7/16 MP: 0/8
  1845 | D:2      | Found a runed translucent door.
  1846 | D:2      | Noticed Crazy Yiuf
  2565 | D:2      | Killed Crazy Yiuf
  2566 | D:2      | Reached skill level 6 in Stealth
  2566 | D:2      | Reached XP level 4. HP: 6/21 MP: 6/9
  3078 | D:3      | Noticed Sigmund
  3093 | D:3      | You fall into a shaft and drop 3 floors!
  3095 | D:6      | Reached skill level 5 in Hexes
  3097 | D:6      | Reached XP level 5. HP: 24/24 MP: 8/10
  3117 | D:6      | Slain by an ufetubus

Illustrated notes

Levels and vault maps discovered:
D:1:      dpeg_chamrin_arrival_tetris, layout_loops_corners
D:2:      layout_basic, uniq_crazy_yiuf_cottage
D:3:      minmay_evil_eye, layout_rooms, general_overflow_altar,
          portal_sewer_entry_e, roderic_st_hans_cross, uniq_sigmund,
          uniq_natasha
D:6:      layout_basic

Skill      XL: |  1  2  3  4 |
---------------+-------------+-----
Hexes          | 4 5 |  5.3
Stealth        | 5 6 |  6.8
Dodging        | 4 |  4.4
Short Blades   | |  1.1
Spellcasting   | |  2.6

Action                   |  1- 3 |  4- 6 || total
-------------------------+-------+-------++-------
Melee: Dagger            |    73 |    27 ||   100
 Cast: Corona            |     4 |       ||     4
       Ensorcelled Hiber |    32 |    10 ||    42
 Stab: Sleeping          |    36 |     8 ||    44
       Invisible         |     1 |       ||     1
Armor: Robe              |     2 |     6 ||     8
Dodge: Dodged            |    42 |    39 ||    81
